General information
- name: BNet
- type: Ladder team game (AT/RT)
- host: Battle.net
- saver: sexualharasser
map: DragonFalls
- players: 8
- length: 43:35
- speed: Fast
- version: 1.27 W3XP
- replay type: Public
» download(228 KB)
Players
team 1 (loser)

»
LEVYATANN (
teal | 39 APM | 1065 actions | 27:11)
6 Dark Ranger
3 Black Arrow
2 Silence
1 Charm
5 Priestess of the Moon
3 Trueshot Aura
2 Searing Arrows
» actions
| Assign group hotkey | 30 | |
| Basic commands | 16 | |
| Build / train | 72 | |
| Enter build submenu | 20 | |
| Enter hero's abilities submenu | 12 | |
| Remove unit from queue | 7 | |
| Right click | 540 | |
| Select / deselect | 213 | |
| Select group hotkey | 106 | |
| Use ability | 49 | |
1065 total
» units
| Wisp | 13 | |
| Huntress | 1 | |
| Archer | 15 | |
| Hippogryph | 6 | |
| Glaive Thrower | 1 | |
36 total
» upgrades
| Strength of the Moon | 3 | |
| Moon Armor | 4 | |
| Improved Bows | 1 | |
| Hippogryph Taming | 1 | |
| Marksmanship | 1 | |
10 total
» buildings
| Hunter's Hall | 1 | |
| Moon Well | 8 | |
| Altar of Elders | 1 | |
| Ancient Protector | 1 | |
| Ancient of War | 1 | |
| Tree of Ages | 1 | |
| Ancient of Wonders | 1 | |
| Ancient of Wind | 2 | |
| Tree of Eternity | 1 | |
17 total
» build order
02:25 Hunter's Hall
02:32 Moon Well
03:32 Altar of Elders
03:56 Ancient Protector
04:21 Ancient of War
04:37 Moon Well
05:33 Tree of Ages
06:04 Moon Well
06:13 Ancient of Wonders
06:56 Moon Well
08:03 Ancient of Wind
08:47 Ancient of Wind
13:52 Tree of Eternity
18:57 Moon Well
19:00 Moon Well
19:01 Moon Well
22:02 Moon Well
» items
| Scroll of Town Portal | 2 | |
| Orb of Fire | 1 | |
| Boots of Speed | 1 | |
4 total
Leandro0001 (
red | 74 APM | 3205 actions | 43:34)
8 Mountain King
3 Storm Bolt
3 Bash
1 Avatar
1 Thunder Clap
9 Paladin
3 Holy Light
3 Devotion Aura
2 Divine Shield
1 Resurrection
» actions
| Assign group hotkey | 43 | |
| Build / train | 111 | |
| Enter build submenu | 44 | |
| Enter hero's abilities submenu | 17 | |
| Give item / drop item | 2 | |
| Remove unit from queue | 12 | |
| Right click | 1514 | |
| Select / deselect | 540 | |
| Select group hotkey | 773 | |
| Use ability | 149 | |
3205 total
» units
| Peasant | 9 | |
| Rifleman | 12 | |
| Footman | 1 | |
| Wisp | 2 | |
| Mortar Team | 5 | |
| Sorceress | -2 | |
| Priest | 3 | |
| Knight | 5 | |
| Flying Machine | 14 | |
49 total
» upgrades
| Gunpowder | 3 | |
| Armor | 3 | |
| Masonry | 3 | |
| Long Rifles | 1 | |
| Lumber Harvesting | 1 | |
| Flare | 1 | |
| Sorceress Training | 2 | |
| Fragmentation Shards | 1 | |
| Barrage | 1 | |
| Priest Training | 1 | |
| Plating | 1 | |
18 total
» buildings
| Blacksmith | 4 | |
| Farm | 23 | |
| Barracks | 2 | |
| Altar of Kings | 1 | |
| Lumber Mill | 2 | |
| Keep | 2 | |
| Scout Tower | 6 | |
| Arcane Tower | 1 | |
| Moon Well | 1 | |
| Guard Tower | 3 | |
| Workshop | 2 | |
| Arcane Sanctum | 1 | |
| Castle | 1 | |
| Arcane Vault | 2 | |
| Town Hall | 2 | |
53 total
» build order
00:31 Blacksmith
01:00 Farm
01:02 Farm
01:31 Barracks
01:37 Barracks
01:47 Altar of Kings
02:07 Lumber Mill
02:24 Farm
03:57 Farm
05:04 Keep
05:10 Scout Tower
05:37 Arcane Tower
05:42 Farm
06:27 Scout Tower
06:30 Scout Tower
06:37 Farm
06:49 Moon Well
07:02 Guard Tower
10:00 Workshop
10:05 Arcane Sanctum
11:07 Farm
11:09 Castle
11:59 Arcane Vault
13:36 Arcane Vault
14:03 Farm
17:03 Blacksmith
18:58 Lumber Mill
23:18 Farm
23:18 Farm
23:18 Farm
24:13 Town Hall
24:15 Scout Tower
24:16 Scout Tower
24:18 Scout Tower
25:27 Guard Tower
25:42 Guard Tower
29:21 Farm
33:21 Keep
33:45 Blacksmith
34:09 Blacksmith
35:50 Workshop
36:38 Farm
36:39 Farm
36:39 Farm
36:39 Farm
36:45 Farm
36:46 Farm
36:46 Farm
36:46 Farm
37:44 Farm
38:18 Farm
38:35 Farm
40:31 Town Hall
» items
| Scroll of Town Portal | 4 | |
| Potion of Healing | 2 | |
| Potion of Mana | 1 | |
7 total

»
SAINT_SEIYA (
orange | 53 APM | 1425 actions | 27:07)
4 Priestess of the Moon
1 Scout
2 Trueshot Aura
1 Searing Arrows
» actions
| Assign group hotkey | 10 | |
| Basic commands | 79 | |
| Build / train | 80 | |
| ESC pressed | 3 | |
| Enter build submenu | 28 | |
| Enter hero's abilities submenu | 5 | |
| Right click | 713 | |
| Select / deselect | 368 | |
| Select group hotkey | 76 | |
| Use ability | 63 | |
1425 total
» units
| Wisp | 36 | |
| Archer | 6 | |
| Huntress | 6 | |
| Hippogryph | 11 | |
| Chimaera | 8 | |
67 total
» upgrades
| Sentinel | 1 | |
| Corrosive Breath | 1 | |
2 total
» buildings
| Altar of Elders | 2 | |
| Moon Well | 13 | |
| Ancient of War | 1 | |
| Hunter's Hall | 1 | |
| Ancient Protector | 2 | |
| Tree of Ages | 4 | |
| Tree of Life | 4 | |
| Tree of Eternity | 2 | |
| Ancient of Wind | 1 | |
| Chimaera Roost | 2 | |
32 total
» build order
00:14 Altar of Elders
00:18 Moon Well
01:16 Ancient of War
01:44 Moon Well
02:21 Hunter's Hall
02:32 Moon Well
03:42 Ancient Protector
05:20 Ancient Protector
05:28 Tree of Ages
05:33 Moon Well
06:54 Tree of Life
07:51 Moon Well
08:31 Tree of Eternity
08:36 Ancient of Wind
11:27 Chimaera Roost
11:30 Chimaera Roost
14:43 Tree of Ages
14:44 Tree of Ages
15:20 Moon Well
15:21 Moon Well
16:16 Moon Well
16:52 Tree of Life
17:51 Tree of Life
19:14 Moon Well
19:42 Moon Well
22:44 Tree of Life
23:00 Altar of Elders
23:57 Moon Well
24:01 Moon Well
24:02 Moon Well
cumcat420 (
pink | 12 APM | 54 actions | 04:37)
» actions
| Build / train | 9 | |
| ESC pressed | 1 | |
| Enter build submenu | 5 | |
| Right click | 6 | |
| Select / deselect | 27 | |
| Use ability | 6 | |
54 total
» units
» buildings
| Ancient of War | 1 | |
| Hunter's Hall | 1 | |
| Moon Well | 3 | |
5 total
» build order
01:52 Ancient of War
02:17 Hunter's Hall
03:55 Moon Well
04:00 Moon Well
04:05 Moon Well
team 2 (winner)
sexualharasser (
yellow | 66 APM | 2864 actions | 43:35)
9 Blademaster
3 Wind Walk
3 Critical Strike
1 Bladestorm
2 Mirror Image
» actions
| Assign group hotkey | 133 | |
| Basic commands | 121 | |
| Build / train | 112 | |
| Enter build submenu | 70 | |
| Enter hero's abilities submenu | 9 | |
| Give item / drop item | 14 | |
| Remove unit from queue | 6 | |
| Right click | 1220 | |
| Select / deselect | 468 | |
| Select group hotkey | 521 | |
| Use ability | 190 | |
2864 total
» units
| Peon | 13 | |
| Grunt | 3 | |
| Goblin Shredder | 1 | |
| Wind Rider | 14 | |
| Goblin Zeppelin | 3 | |
| Green Dragon | 3 | |
| Troll Batrider | 7 | |
| Goblin Sapper | 4 | |
| Shaman | 2 | |
| Tauren | 1 | |
| Spirit Walker | 2 | |
53 total
» upgrades
| Reinforced Defenses | 1 | |
| Ranged Weapons | 3 | |
| Armor | 3 | |
| Envenomed Spears | 1 | |
| Liquid Fire | 1 | |
| Troll Regeneration | 1 | |
| Pulverize | 1 | |
| Shaman Training | 2 | |
| Witch Doctor Training | 1 | |
| Spirit Walker Training | 2 | |
| Melee Weapons | 1 | |
| Pillage | 1 | |
18 total
» buildings
| Altar of Storms | 1 | |
| Orc Burrow | 6 | |
| Barracks | 1 | |
| Voodoo Lounge | 5 | |
| Stronghold | 1 | |
| War Mill | 2 | |
| Great Hall | 2 | |
| Beastiary | 6 | |
| Watch Tower | 43 | |
| Fortress | 1 | |
| Tauren Totem | 2 | |
| Spirit Lodge | 2 | |
72 total
» build order
00:06 Altar of Storms
00:12 Orc Burrow
00:49 Barracks
01:36 Orc Burrow
02:39 Voodoo Lounge
03:27 Stronghold
04:39 Orc Burrow
05:03 War Mill
06:09 Great Hall
06:49 Beastiary
06:49 Beastiary
06:52 Beastiary
06:53 Beastiary
07:57 Orc Burrow
08:55 Orc Burrow
09:07 Watch Tower
09:08 Watch Tower
09:08 Watch Tower
10:30 Watch Tower
10:41 Fortress
11:20 Watch Tower
11:21 Watch Tower
11:21 Watch Tower
13:07 Beastiary
14:24 Orc Burrow
15:02 War Mill
15:09 Voodoo Lounge
15:49 Watch Tower
15:50 Watch Tower
15:53 Watch Tower
15:56 Watch Tower
16:00 Watch Tower
17:13 Watch Tower
17:13 Watch Tower
17:14 Watch Tower
17:15 Watch Tower
20:59 Watch Tower
21:01 Watch Tower
22:25 Watch Tower
22:26 Watch Tower
22:26 Watch Tower
22:27 Watch Tower
22:28 Watch Tower
24:43 Watch Tower
24:44 Watch Tower
24:44 Watch Tower
24:44 Watch Tower
24:45 Watch Tower
24:55 Watch Tower
24:58 Watch Tower
25:00 Watch Tower
25:03 Watch Tower
25:06 Watch Tower
25:12 Voodoo Lounge
29:57 Watch Tower
29:57 Watch Tower
29:58 Watch Tower
29:58 Watch Tower
32:43 Watch Tower
32:43 Watch Tower
34:49 Great Hall
34:51 Watch Tower
34:52 Watch Tower
36:02 Tauren Totem
36:02 Tauren Totem
36:04 Spirit Lodge
36:07 Spirit Lodge
38:21 Voodoo Lounge
39:17 Voodoo Lounge
» items
| Circlet of Nobility | 2 | |
| Healing Salve | 9 | |
| Lesser Clarity Potion | 3 | |
| Potion of Healing | 3 | |
| Orb of Lightning | 1 | |
| Scroll of Town Portal | 4 | |
| Periapt of Vitality | 1 | |
| Dust of Appearance | 1 | |
| Tiny Great Hall | 1 | |
| Staff of Teleportation | 1 | |
26 total

»
420GettingHigh (
green | 36 APM | 1181 actions | 32:42)
4 Blademaster
2 Critical Strike
2 Wind Walk
2 Shadow Hunter
1 Healing Wave
1 Hex
» actions
| Assign group hotkey | 7 | |
| Basic commands | 118 | |
| Build / train | 111 | |
| Enter build submenu | 20 | |
| Enter hero's abilities submenu | 6 | |
| Give item / drop item | 3 | |
| Remove unit from queue | 3 | |
| Right click | 394 | |
| Select / deselect | 359 | |
| Select group hotkey | 49 | |
| Use ability | 111 | |
1181 total
» units
| Peon | 18 | |
| Grunt | 10 | |
| Raider | 7 | |
| Troll Batrider | 11 | |
| Kodo Beast | 3 | |
| Wind Rider | 1 | |
| Shaman | 5 | |
| Troll Witch Doctor | 2 | |
| Green Dragon Whelp | 1 | |
| Green Drake | 1 | |
59 total
» upgrades
| Pillage | 1 | |
| Melee Weapons | 3 | |
| Armor | 2 | |
| Spiked Barricades | 1 | |
| Berserker Strength | 1 | |
| Ensnare | 1 | |
| Shaman Training | 2 | |
| Witch Doctor Training | 2 | |
| Liquid Fire | 1 | |
| War Drums Damage Increase | 1 | |
| Envenomed Spears | 1 | |
| Ranged Weapons | 3 | |
19 total
» buildings
| Orc Burrow | 9 | |
| Altar of Storms | 1 | |
| War Mill | 1 | |
| Barracks | 1 | |
| Voodoo Lounge | 1 | |
| Great Hall | 3 | |
| Stronghold | 1 | |
| Fortress | 1 | |
| Beastiary | 2 | |
| Spirit Lodge | 2 | |
22 total
» build order
00:23 Orc Burrow
00:38 Altar of Storms
00:54 War Mill
01:10 Barracks
01:55 Orc Burrow
02:10 Voodoo Lounge
03:06 Orc Burrow
05:14 Great Hall
05:38 Orc Burrow
08:14 Stronghold
09:06 Orc Burrow
09:09 Orc Burrow
10:36 Fortress
10:43 Beastiary
10:46 Beastiary
10:54 Spirit Lodge
10:56 Spirit Lodge
23:03 Great Hall
29:02 Great Hall
31:26 Orc Burrow
31:27 Orc Burrow
31:29 Orc Burrow
» items
| Healing Salve | 7 | |
| Scroll of Town Portal | 5 | |
| Scroll of Speed | 2 | |
| Lesser Clarity Potion | 1 | |
| Orb of Lightning | 1 | |
| Tiny Great Hall | 1 | |
| Potion of Healing | 3 | |
20 total

»
Gladiator (
blue | 65 APM | 2214 actions | 33:55)
10 Paladin
3 Holy Light
3 Divine Shield
1 Resurrection
3 Devotion Aura
» actions
| Assign group hotkey | 44 | |
| Basic commands | 198 | |
| Build / train | 120 | |
| Enter build submenu | 27 | |
| Enter hero's abilities submenu | 10 | |
| Give item / drop item | 4 | |
| Right click | 550 | |
| Select / deselect | 752 | |
| Select group hotkey | 419 | |
| Use ability | 90 | |
2214 total
» units
| Peasant | 32 | |
| Footman | 6 | |
| Rifleman | 6 | |
| Siege Engine | 11 | |
| Knight | 13 | |
68 total
» upgrades
| Defend | 1 | |
| Long Rifles | 1 | |
| Lumber Harvesting | 2 | |
| Animal War Training | 1 | |
| Swords | 4 | |
| Gunpowder | 3 | |
| Barrage | 1 | |
| Plating | 3 | |
| Masonry | 3 | |
| Armor | 3 | |
| Fragmentation Shards | 1 | |
| Flare | 1 | |
| Flak Cannons | 1 | |
| Flying Machine Bombs | 1 | |
26 total
» buildings
| Altar of Kings | 1 | |
| Barracks | 2 | |
| Farm | 14 | |
| Arcane Vault | 1 | |
| Lumber Mill | 1 | |
| Blacksmith | 1 | |
| Town Hall | 1 | |
| Scout Tower | 4 | |
| Keep | 1 | |
| Guard Tower | 4 | |
| Castle | 1 | |
| Workshop | 2 | |
33 total
» build order
00:10 Altar of Kings
00:15 Barracks
00:21 Farm
01:01 Farm
01:38 Farm
02:17 Farm
02:56 Arcane Vault
03:11 Lumber Mill
03:31 Blacksmith
04:03 Farm
05:04 Town Hall
05:08 Scout Tower
05:12 Keep
05:37 Scout Tower
05:38 Guard Tower
06:05 Farm
06:09 Guard Tower
06:11 Scout Tower
06:52 Guard Tower
06:54 Scout Tower
07:33 Farm
07:37 Guard Tower
09:00 Castle
09:37 Barracks
10:46 Farm
11:34 Farm
11:42 Workshop
11:45 Workshop
12:14 Farm
13:09 Farm
13:51 Farm
14:43 Farm
20:30 Farm
» items
| Periapt of Vitality | 1 | |
| Boots of Speed | 1 | |
| Potion of Lesser Invulnerability | 1 | |
| Scroll of Regeneration | 2 | |
| Scroll of Town Portal | 4 | |
9 total
DonaldTrump2016 (
purple | 20 APM | 880 actions | 43:35)
5 Blademaster
2 Wind Walk
3 Critical Strike
» actions
| Assign group hotkey | 85 | |
| Basic commands | 30 | |
| Build / train | 51 | |
| Enter build submenu | 16 | |
| Enter hero's abilities submenu | 5 | |
| Remove unit from queue | 4 | |
| Right click | 376 | |
| Select / deselect | 183 | |
| Select group hotkey | 79 | |
| Use ability | 51 | |
880 total
» units
» upgrades
| Armor | 3 | |
| Melee Weapons | 3 | |
| Pulverize | 1 | |
| Reinforced Defenses | 1 | |
| Spiked Barricades | 1 | |
9 total
» buildings
| Altar of Storms | 1 | |
| Orc Burrow | 9 | |
| Voodoo Lounge | 1 | |
| Stronghold | 1 | |
| War Mill | 2 | |
| Fortress | 1 | |
| Tauren Totem | 3 | |
| Great Hall | 2 | |
20 total
» build order
00:09 Altar of Storms
00:12 Orc Burrow
01:00 Voodoo Lounge
02:11 Stronghold
02:30 Orc Burrow
02:46 Orc Burrow
02:47 Orc Burrow
03:36 War Mill
03:47 War Mill
04:35 Fortress
07:32 Tauren Totem
07:34 Tauren Totem
07:35 Tauren Totem
30:53 Orc Burrow
41:14 Great Hall
43:01 Great Hall
43:05 Orc Burrow
43:07 Orc Burrow
43:09 Orc Burrow
43:10 Orc Burrow
» items
| Healing Salve | 4 | |
| Lesser Clarity Potion | 2 | |
| Orb of Lightning | 1 | |
| Boots of Speed | 1 | |
| Periapt of Vitality | 1 | |
| Potion of Lesser Invulnerability | 1 | |
| Staff of Teleportation | 1 | |
11 total
Chat log
(04:44 / All) Leandro0001: arrombado de merda
(04:49 / All) DonaldTrump2016: shut up mexico
(04:51 / All) DonaldTrump2016: build wall
(06:04 / Allies) sexualharasser: blue I tried to be a good ally to you and you take my greens
(08:26 / Allies) sexualharasser: heal gfrunt
(08:30 / Allies) sexualharasser: retard
(08:42 / Allies) sexualharasser: I might destroy my shit just so blue doesn't get win
(08:49 / Allies) DonaldTrump2016: shut up fag
(08:50 / Allies) DonaldTrump2016: just quit
(09:11 / Allies) DonaldTrump2016: i dont give a fuck how much your butt hurts
(16:37 / Allies) DonaldTrump2016: wood
(20:50 / Allies) DonaldTrump2016: wood please
(28:50 / All) Leandro0001: gg
(28:53 / All) Leandro0001: my team is noob
(28:57 / All) 420GettingHigh: gg
(29:02 / All) DonaldTrump2016: gg
(29:07 / All) DonaldTrump2016: was fun
(31:51 / Allies) DonaldTrump2016: so sad yellow
(31:52 / Allies) DonaldTrump2016: we still win
(31:55 / Allies) DonaldTrump2016: go fuck yourself
(31:58 / Allies) DonaldTrump2016: you fat ugly loser
(31:59 / Allies) DonaldTrump2016: get cancer
(32:40 / Allies) 420GettingHigh: What the actual fuck is wrong with you? Momma forgot to give you your meds?
(37:16 / All) sexualharasser: not sure who should win
(37:21 / All) sexualharasser: purple is very disrespectful
(37:28 / All) sexualharasser: if he doesn't leave I will let you win
(37:38 / All) DonaldTrump2016: go to hell fucking faggot
(37:40 / All) DonaldTrump2016: i dont give a fuck
(38:03 / All) DonaldTrump2016: you really think im going to be respectful now?
(38:05 / All) DonaldTrump2016: bah
(38:09 / All) DonaldTrump2016: go hang yourself
(38:14 / All) DonaldTrump2016: or OD on sleeping meds + alcohol
(38:17 / All) DonaldTrump2016: you fucking faggot
(38:23 / All) sexualharasser: you see
(38:28 / All) sexualharasser: if he doesn't leave you get the win, okay?
(38:41 / All) DonaldTrump2016: im not leaving
(38:43 / All) DonaldTrump2016: so congrats red
(38:50 / All) DonaldTrump2016: in the meantime, im going to laugh at the waste of life yellow is
(39:08 / All) DonaldTrump2016: D
(40:21 / All) Leandro0001: hahahaha noob
(42:08 / All) Leandro0001: come on noob